 Dungeon Crawl Stone Soup version 0.28.0-53-g5a82cb258f (webtiles) character file.

Game seed: 468379668775939801

1008 Plasmagod the Covert (level 8, -9/37 HPs)
             Began as a Spriggan Enchanter on July 19, 2022.
             Mangled by Duvessa
             ... wielding a +0 rapier
              (21 damage)
             ... on level 4 of the Dungeon.
             The game lasted 00:28:37 (7629 turns).

Plasmagod the Covert (Spriggan Enchanter)           Turns: 7629, Time: 00:28:38

Health: -9/37      AC:  4    Str:  6    XL:     8   Next: 1%
Magic:  12/17      EV: 18    Int: 17    God:
Gold:   245        SH:  0    Dex: 15    Spells: 7/18 levels left

rFire   . . .      SeeInvis +   q - +2 dagger (speed)
rCold   . . .      Faith    .   (no shield)
rNeg    . . .      Spirit   .   b - +0 robe
rPois   .          Reflect  .   l - +2 hat
rElec   .          Harm     .   (no cloak)
rCorr   .          Rampage  .   (gloves unavailable)
Will    +....                   (boots unavailable)
Stlth   ++++......              (no amulet)
HPRegen 0.12/turn               (no ring)
MPRegen 0.15/turn               (no ring)

@: very quick
A: very small, no large weapons, unfitting armour, see invisible, speed 3
a: no special abilities


You were on level 4 of the Dungeon.
You visited 1 branch of the dungeon, and saw 4 of its levels.

You collected 245 gold pieces.

Inventory:

Hand Weapons
 a - a +1 dagger
 q - a +2 dagger of speed (weapon)
Missiles
 v - a throwing net (quivered)
Armour
 b - a +0 robe (worn)
 l - a +2 hat (worn)
Jewellery
 m - a ring of fire
 s - a ring of protection from cold
 w - a ring of flight
Scrolls
 d - a scroll of enchant armour {unknown}
 e - a scroll of holy word {unknown}
 g - a scroll of teleportation {unknown}
 h - a scroll of silence {unknown}
 k - a scroll of noise {unknown}
 n - 3 scrolls of fog {unknown}
 o - a scroll of blinking {unknown}
 p - a scroll of fear {unknown}
 r - a scroll of identify {unknown}
Potions
 c - a potion of invisibility
 f - a potion of lignification {unknown}
 i - a potion of mutation {unknown}
 j - 2 potions of heal wounds {unknown}
 t - a potion of cancellation {unknown}
 u - a potion of curing {unknown}


   Skills:
 + Level 0.5 Fighting
 + Level 2.9 Short Blades
 + Level 3.5 Dodging
 * Level 10.0 Stealth
 + Level 5.7 Spellcasting
 + Level 5.5 Hexes
 + Level 2.3 Ice Magic


You had 7 spell levels left.
You knew the following spells:

 Your Spells              Type           Power      Damage    Failure   Level
a - Ensorcelled Hibernat  Hex/Ice        36%        N/A       4%          2
b - Confusing Touch       Hex            23%        N/A       4%          3
c - Tukima's Dance        Hex            23%        N/A       4%          3
d - Dazzling Flash        Conj/Hex       28%        N/A       13%         3

Your spell library contained the following spells:

 Spells                   Type           Power      Damage    Failure   Level


Dungeon Overview and Level Annotations

Branches:
Dungeon (4/15)
 Temple: D:4-7

Altars:

Shops:
D:3 [

Annotations:
D:3 1 runed translucent door, duchin's ghost, weakling MiFi
D:4 Duvessa


Innate Abilities, Weirdness & Mutations

You are very small and have problems with some larger weapons.
You are too small for most types of armour.
You have supernaturally acute eyesight. (SInv)
You cover ground extremely quickly. (Speed+++)


Message History

Your hands begin to glow red.
Duvessa hits you with a +0 rapier!
You hit Duvessa but do no damage. Duvessa barely misses you.
You completely miss Duvessa. Duvessa completely misses you.
You hit Duvessa but do no damage. Duvessa hits you with a +0 rapier!
You barely miss Duvessa. You hit Duvessa but do no damage.
Duvessa appears confused.
Duvessa rages.
You hit Duvessa.
Duvessa is lightly wounded.
Duvessa closely misses you.
Duvessa hits herself with a +0 rapier!
You hit Duvessa.
Duvessa is moderately wounded.
You hit Duvessa.
Duvessa is moderately wounded.
You hit Duvessa but do no damage.
Duvessa is moderately wounded.
You hit Duvessa but do no damage.
Duvessa is moderately wounded.
Duvessa completely misses you.
You catch the helpless Duvessa completely off-guard!
You impale Duvessa!!
Duvessa is severely wounded.
Duvessa barely misses you.
You hit Duvessa but do no damage.
Duvessa is severely wounded.
Duvessa hits you with a +0 rapier!
You are too injured to fight recklessly!
You are too injured to fight recklessly!
You are too injured to fight recklessly!
You are too injured to fight recklessly!
You are too injured to fight recklessly!
You hit Duvessa.
Duvessa is severely wounded.
You hit Duvessa but do no damage.
Duvessa is severely wounded.
You hit Duvessa but do no damage.
Duvessa is severely wounded.
Duvessa hits you with a +0 rapier!!
Ouch! That really hurt!
You die...

#.# #.....# #.##.#.# #.#
###.### #.>....# #.# #.#
####.### #.# #.# #.#
#.#######.#########.#
#......##.........#.# #.
#.......#########.#.# #.#####.
#.####..####e.......#.......#.
#....#..#....@.)..###.#.......
#.##...(........### # ......#.
#.####).#.#.><..# #.#.......
####.......#.##...## #<.)....#
..##..........##### ##e##
.....######...# ####...#
.....# #...# #....#.# #.##.#
#...# ### #.##...####
#.##.######.e.####.##
#.######...


You could see Duvessa (berserk, confused).

Vanquished Creatures
  Menkaure (D:4)
  An ogre (D:4)
  A scorpion (D:4)
  Dowan (D:4)
  4 hounds (D:4)
  3 jellies (D:4)
  2 orc priests (D:4)
  An iguana (D:4)
  An orc wizard (D:4)
  Terence (D:3)
  A hound zombie (D:3)
  14 gnolls (D:4)
  4 adders
  4 worms
  2 dart slugs (D:3)
  25 orcs
  12 ball pythons
  4 bats
  8 endoplasms
  4 giant cockroaches
  7 goblins
  9 hobgoblins
  17 jackals
  6 kobolds
  7 quokkas
  A ball python skeleton (D:3)
  A ball python zombie (D:3)
  3 frilled lizards
  A quokka zombie (D:3)
  4 rats
150 creatures vanquished.

Vanquished Creatures (others)
  A fungus (D:3)
  2 plants
3 creatures vanquished.

Grand Total: 153 creatures vanquished

Notes
Turn   | Place    | Note
-------+----------+-------------------------------------------
     0 | D:1      | Plasmagod the Spriggan Enchanter began the quest for the
                  | Orb.
     0 | D:1      | Reached XP level 1. HP: 9/9 MP: 5/5
   184 | D:1      | Reached XP level 2. HP: 13/13 MP: 7/7
   187 | D:1      | Learned a level 2 spell: Ensorcelled Hibernation
  1482 | D:2      | Reached skill level 5 in Stealth
  1496 | D:2      | Reached XP level 3. HP: 7/16 MP: 2/8
  2664 | D:2      | Reached XP level 4. HP: 19/21 MP: 2/10
  3154 | D:3      | Reached skill level 6 in Stealth
  3307 | D:3      | Learned a level 3 spell: Confusing Touch
  3615 | D:3      | Found a faded altar of an unknown god.
  3625 | D:3      | Noticed Terence
  3900 | D:3      | Found Goolum's Armour Shop.
  4013 | D:3      | Killed Terence
  4014 | D:3      | Reached XP level 5. HP: 20/24 MP: 6/11
  4139 | D:3      | Found a runed translucent door.
  4141 | D:3      | Noticed duchin's ghost (weakling MiFi)
  4141 | D:3      | Noticed an ogre
  4388 | D:4      | Noticed Menkaure
  4501 | D:4      | Reached skill level 7 in Stealth
  4718 | D:4      | Reached XP level 6. HP: 22/28 MP: 2/13
  4894 | D:4      | Reached skill level 1 in Ice Magic
  4937 | D:4      | Reached skill level 8 in Stealth
  5345 | D:4      | Reached skill level 5 in Hexes
  5345 | D:4      | Reached XP level 7. HP: 32/32 MP: 10/15
  5587 | D:4      | Reached skill level 5 in Spellcasting
  6382 | D:4      | Reached skill level 9 in Stealth
  6406 | D:4      | Noticed Duvessa
  7160 | D:4      | Killed Menkaure
  7436 | D:4      | Noticed Dowan
  7439 | D:4      | Killed Dowan
  7440 | D:4      | Reached skill level 10 in Stealth
  7440 | D:4      | Reached XP level 8. HP: 37/37 MP: 14/17
  7603 | D:3      | Learned a level 3 spell: Tukima's Dance
  7607 | D:3      | Learned a level 3 spell: Dazzling Flash
  7629 | D:4      | Mangled by Duvessa

Illustrated notes

Levels and vault maps discovered:
D:1:      ncdulo_smallfort, layout_basic, minmay_box_of_dots
D:2:      layout_basic, minmay_close_crescents
D:3:      layout_basic, serial_undead, serial_undead_f, serial_undead_a,
          serial_undead_f, serial_undead_e, ebering_ghost_inner_flame,
          dreamdust_ecumenical_altar_grove, serial_shops, shop,
          kennysheep_cross_room, uniq_terence
D:4:      lemuel_castle_with_subvaults [lemuel_castle_interior_carwin_3],
          layout_loops_cross, uniq_duvessa, uniq_menkaure

Skill      XL: |  1  2  3  4  5  6  7 |
---------------+----------------------+-----
Spellcasting   | 3 4 5 |  5.7
Hexes          | 4 5 |  5.5
Stealth        | 5 6 7 8 10 | 10.0
Dodging        | 3 |  3.5
Short Blades   | 2 |  2.9
Ice Magic      | 1 2 |  2.3
Fighting       | |  0.5

Action                   |  1- 3 |  4- 6 |  7- 9 || total
-------------------------+-------+-------+-------++-------
Melee: Dagger            |   150 |   188 |   138 ||   476
       Punch             |     1 |     1 |       ||     2
 Cast: Ensorcelled Hiber |    29 |    65 |    61 ||   155
       Confusing Touch   |       |       |     4 ||     4
       Tukima's Dance    |       |       |     1 ||     1
 Stab: Sleeping          |    27 |    43 |    31 ||   101
       Distracted        |       |     2 |     1 ||     3
       Confused          |       |       |     4 ||     4
Armor: Robe              |    27 |    27 |     5 ||    59
Dodge: Dodged            |   147 |   131 |    80 ||   358
